 Dungeon Crawl Stone Soup version 0.20.1-1-g8b1a95d (webtiles) character file.

59028 Firecrotchwizard the Phalangite (level 14, -3/116 HPs)
             Began as a Merfolk Berserker on Nov 19, 2017.
             Was a High Priest of Trog.
             Slain by an ice devil (18 damage)
             ... in an ice cave.
             The game lasted 00:52:57 (23253 turns).

Firecrotchwizard the Phalangite (MfBe)             Turns: 23253, Time: 00:52:57

Health: -3/116     AC: 19    Str: 20    XL:     14   Next: 93%
Magic:  4/4        EV: 18    Int:  7    God:    Trog [*****.]
Gold:   1094       SH:  0    Dex: 17    Spells: 13/13 levels left

rFire    . . .     SeeInvis .   Q - +4 bardiche (antimagic)
rCold    . . .     Gourm    .   (shield currently unavailable)
rNeg     . . .     Faith    .   M - +3 scale mail "Kykec" {+Blink}
rPois    .         Spirit   .   X - +2 helmet
rElec    .         Reflect  .   Z - scarf {repulsion}
rCorr    +         Harm     .   a - +0 pair of gloves {archery}
MR       +++..                  G - +2 pair of boots
Stlth    ..........             (no amulet)
Regen    1.3/turn               x - +2 ring of strength
MPRegen  0.1/turn               z - ring of resist corrosion

@: regenerating, heavily drained, repel missiles
A: change form in water, swift swim, stealthy swim
a: Berserk, Trog's Hand, Brothers in Arms, Burn Spellbooks, Renounce Religion,
Evoke Blink


You were in an ice cave.
You worshipped Trog.
Trog was extremely pleased with you.
You were not hungry.

You visited 2 branches of the dungeon, and saw 16 of its levels.
You also visited: Ice Cave.

You collected 1094 gold pieces.

Inventory:

Hand Weapons
 b - a +0 hunting sling of velocity
   (You found it on level 4 of the Dungeon)
 N - a +1 trident of piercing
   (You took it off an orc on level 8 of the Dungeon)
 Q - a +4 antimagic bardiche (weapon)
   (Trog gifted it to you on level 2 of the Lair of Beasts)
Missiles
 f - 2 throwing nets {=f, !d}
 s - 2 poisoned javelins
 u - 161 sling bullets
 W - 5 javelins (quivered)
Armour
 a - a +0 pair of gloves of archery (worn)
   (You found it in an ice cave)
 h - a +0 cloak
   (You found it on level 1 of the Dungeon)
 E - a +0 pair of gloves
   (You found it on level 5 of the Dungeon)
 G - a +2 pair of boots (worn)
   (You found it on level 5 of the Dungeon)
 M - the +3 scale mail "Kykec" (worn) {+Blink}
   (You found it on level 4 of the Lair of Beasts)

   It lets you blink.
 X - a +2 helmet (worn)
   (You found it on level 4 of the Lair of Beasts)
 Z - a scarf of repulsion (worn)
   (You found it on level 5 of the Lair of Beasts)
Jewellery
 x - a +2 ring of strength (left hand)
   (You found it on level 3 of the Dungeon)
 z - a ring of resist corrosion (right hand)
   (You found it on level 4 of the Dungeon)
 O - an uncursed amulet of guardian spirit {Spirit}
   (You found it on level 1 of the Lair of Beasts)
Wands
 j - a wand of digging (12/24)
   (You found it on level 4 of the Dungeon)
 l - a wand of paralysis (14/24)
   (You took it off a gnoll on level 6 of the Dungeon)
Scrolls
 d - 7 scrolls of teleportation
 e - 5 scrolls of fog
 g - 2 scrolls of magic mapping {!r}
 k - 2 scrolls of immolation {!r}
 n - 3 scrolls of fear
 o - 11 scrolls of identify
 v - 3 scrolls of enchant weapon
 y - 4 scrolls of remove curse
 U - a scroll of blinking {!r}
 Y - a scroll of recharging
Potions
 i - 7 potions of curing
 m - 3 potions of ambrosia
 p - 3 potions of might
 q - 3 potions of heal wounds
 w - 2 potions of flight {unknown}
 A - a potion of invisibility {unknown}
 B - a potion of agility {unknown}
 C - a potion of degeneration {unknown}
 H - 3 potions of resistance {unknown}
 P - a potion of brilliance {unknown}
Comestibles
 c - 11 bread rations {@e1}
 F - 5 meat rations {@e2}
 R - 16 royal jellies


   Skills:
 + Level 12.5(10.6) Fighting
 * Level 21.4(19.1) Polearms
 + Level 9.3(7.5) Armour
 + Level 14.9(12.8) Dodging


You had 13 spell levels left.
You didn't know any spells.

Dungeon Overview and Level Annotations

Branches:
Dungeon (10/15)            Temple (0/1) D:7            Lair (6/6) D:8
 Shoals (0/4) Lair:3        Snake (0/4) Lair:3        Slime (0/5) Lair:6
    Orc (0/2) D:10

Altars:
Ashenzari
Cheibriados
Elyvilon
Fedhas
Kikubaaqudgha
Nemelex Xobeh
Okawaru
Sif Muna
Trog
Uskayaw
Xom
Zin
The Shining One

Portals:
Labyrinth: Lair:6

Annotations:
D:6 exclusion: oklob plant
Lair:2 exclusion: 2 oklob plants


Message History

You remove your amulet of guardian spirit {Spirit}.
r - an amulet of harm (around neck) Drop what? 43/52 slots (_ for help) (? for menu, Esc to quit)
Really remove
r - an amulet of harm?
You remove your amulet of harm.
The amulet drains your life force as you remove it!
You feel drained.
You drop an uncursed amulet of harm.
An ice devil comes into view.
You regained 6 hp, and now have 115/116 hp.
Health restored: 116 You start waiting.
Aim: an ice devil (freezing vapour)
You throw a javelin.
The javelin barely misses the ice devil.
Attack whom?
Aim: an ice devil You reach to attack!
You slash the ice devil! You slice the ice devil!!
The ice devil hits you but does no damage.
You hit the ice devil.
You kill the ice devil!
Trog accepts your kill.
No target in view!
An ice devil comes into view.
You see here a javelin.
W - 5 javelins (gained 1)
You start waiting.
Aim: an ice devil (freezing vapour)
You throw a javelin.
The javelin barely misses the ice devil.
You barely miss the ice devil. The ice devil barely misses you.
You closely miss the ice devil. The ice devil closely misses you.
You hit the ice devil but do no damage.
The ice devil hits you but does no damage.
You hit the ice devil. The ice devil closely misses you.
You slice the ice devil!! The ice devil misses you.
You slice the ice devil!!
You kill the ice devil!
Trog accepts your kill.
No target in view!
W - 5 javelins (gained 1)
An ice devil comes into view.
The ice devil hits you but does no damage.
Really walk into that cloud of freezing vapour? [Y]es or [N]o only, please.
Really walk into that cloud of freezing vapour? [Y]es or [N]o only, please.
Really walk into that cloud of freezing vapour?
You are engulfed in freezing vapours.
The ice devil completely misses you.
You take 1 damage, and have 115/116 hp.
Really walk into that cloud of freezing vapour? [Y]es or [N]o only, please.
Really walk into that cloud of freezing vapour?
Okay, then.
You slash the ice devil! The ice devil misses you.
You barely miss the ice devil. The ice devil barely misses you.
The ice devil misses you.
Health restored: 116 You slash the ice devil!
The ice devil misses you.
You slash the ice devil!
You are engulfed in freezing vapours.
The ice devil hits you! The ice devil freezes you!
You take 39 damage, and have 77/116 hp.
MASSIVE DAMAGE!! 2 ice devils come into view.
You are engulfed in freezing vapours.
The ice devil hits you! The ice devil freezes you!!
* * * LOW HITPOINT WARNING * * *
You take 55 damage, and have 22/116 hp.
MASSIVE DAMAGE!!
You feel much better.
The ice devil hits you but does no damage.
You regained 21 hp, and now have 45/116 hp.
Your skin crawls.
You feel resistant to hostile enchantments.
The ice devil hits you but does no damage.
The ice devil closely misses you.
The ice devil hits you but does no damage.
You slice the ice devil!! The ice devil barely misses you.
The ice devil misses you. The ice devil completely misses you.
The ice devil hits you but does no damage.
You regained 2 hp, and now have 48/116 hp.
You hit the ice devil but do no damage. The ice devil misses you.
The ice devil barely misses you. x2
You barely miss the ice devil. The ice devil misses you.
The ice devil hits you! The ice devil freezes you!!
* * * LOW HITPOINT WARNING * * *
The ice devil hits you but does no damage.
You take 29 damage, and have 20/116 hp.
MASSIVE DAMAGE!!
You hit the ice devil.
The ice devil hits you but does no damage.
The ice devil closely misses you.
The ice devil hits you but does no damage.
You regained 2 hp, and now have 22/116 hp.
The ice devil closely misses you. The ice devil completely misses you.
You slash the ice devil! The ice devil hits you!
* * * LOW HITPOINT WARNING * * *
The ice devil freezes you!!
You die...

### ###..# ##.....
#...... .......##
#......@## .
##....444# ..
##.....§####..#
###..§§§.§§.##
###§§§§.§...
##§§§§§..# ##
###§§§###### ###.
##§§§### ####...
##.§§###########......


You could see 3 ice devils.

Vanquished Creatures
  Gastronok (D:10)
  Nessos (Lair:5)
  The ghost of gregunderscorem the Prestidigitator, a journeyman GrEE of Cheibriados (IceCv)
  Snorg (Lair:3)
  4 hydras
  A two-headed ogre (D:10)
  Erica (D:10)
  2 death yaks (Lair:5)
  Urug (Lair:5)
  Nergalle (D:10)
  A manticore (Lair:3)
  5 black mambas
  2 ice statues (IceCv)
  Joseph (Lair:1)
  29 elephants
  7 spiny frogs
  10 rime drakes
  5 komodo dragons
  4 ice devils (IceCv)
  A queen bee (Lair:2)
  A troll (D:10)
  Grinder (D:5)
  2 hornets
  7 hippogriffs
  10 blink frogs
  31 yaks
  A wyvern (Lair:4)
  Eustachio (D:5)
  A wraith (D:10)
  A spriggan (Lair:3)
  4 basilisks
  A hungry ghost (D:9)
  11 steam dragons (Lair:3)
  Menkaure (D:4)
  7 water moccasins
  15 porcupines
  Duvessa (D:4)
  11 orc warriors
  3 sky beasts (D:8)
  4 ice beasts
  An eye of draining (D:10)
  4 black bears
  4 ogres
  3 phantoms
  14 wolves
  7 centaurs
  13 crocodiles
  A big kobold (D:9)
  21 bullfrogs
  Dowan (D:4)
  A wyvern skeleton (D:10)
  4 scorpions
  23 killer bees (Lair:2)
  4 wights (D:9)
  10 howler monkeys
  6 crimson imps
  A bullfrog zombie (D:7)
  A centaur zombie (D:7)
  2 centaur skeletons
  9 jellies
  6 hounds
  12 orc priests
  7 orc wizards
  7 iguanas
  8 worker ants
  Terence (D:2)
  A killer bee zombie (D:8)
  A hound zombie (D:6)
  A worker ant zombie (D:9)
  4 gnolls (D:6)
  14 adders
  A shadow imp (D:6)
  6 white imps (IceCv)
  5 ufetubi (IceCv)
  9 oozes (D:6)
  An adder zombie (D:5)
  An adder skeleton (D:9)
  A worm (D:2)
  2 dart slugs (D:1)
  5 leopard geckos
  76 orcs
  A ball python (D:4)
  2 giant cockroaches
  10 hobgoblins
  10 jackals
  7 quokkas
  10 bats
  4 frilled lizards
  7 goblins
  A jackal skeleton (D:5)
  13 kobolds
  A leopard gecko zombie (D:6)
  3 quokka skeletons
  11 rats
572 creatures vanquished.

Vanquished Creatures (collateral kills)
  A dire elephant (Lair:3)
  2 hydras (Lair:6)
  4 death yaks (Lair:5)
  5 elephants
  4 blink frogs
  4 yaks (Lair:2)
  A steam dragon (Lair:3)
  A water moccasin (Lair:6)
22 creatures vanquished.

Vanquished Creatures (others)
  A reaper (IceCv)
  3 white imps (IceCv)
  3 ufetubi (IceCv)
  65 fungi
  13 plants
85 creatures vanquished.

Grand Total: 679 creatures vanquished

Notes
Turn   | Place    | Note
-------+----------+-------------------------------------------
     0 | D:1      | Firecrotchwizard the Merfolk Berserker began the quest for the Orb.
     0 | D:1      | Reached XP level 1. HP: 18/18 MP: 1/1
    36 | D:1      | Reached skill level 3 in Dodging
   125 | D:1      | Reached XP level 2. HP: 13/24 MP: 2/2
   548 | D:1      | Reached skill level 5 in Polearms
   729 | D:1      | Reached XP level 3. HP: 24/29 MP: 3/3
  1029 | D:1      | HP: 10/43 [bat (1)]
  1033 | D:1      | HP: 3/29 [hobgoblin (2)]
  1038 | D:1      | HP: 3/29 [bat (1)]
  1593 | D:2      | Found an iron altar of Okawaru.
  1625 | D:2      | Reached ** piety under Trog
  1771 | D:2      | Reached XP level 4. HP: 35/36 MP: 4/4
  2052 | D:2      | Found a faded altar of an unknown god.
  2086 | D:2      | Noticed Terence
  2106 | D:2      | Killed Terence
  2106 | D:2      | Reached skill level 6 in Polearms
  2329 | D:2      | Found a sparkling altar of Nemelex Xobeh.
  2388 | D:2      | Noticed a dagger
  2388 | D:2      | Noticed a hand axe
  2393 | D:2      | Found a hide-covered altar of Uskayaw.
  2655 | D:2      | Found a shattered altar of Ashenzari.
  2933 | D:3      | Reached XP level 5. HP: 42/42 MP: 5/5
  3085 | D:3      | Reached skill level 2 in Armour
  3192 | D:3      | Reached *** piety under Trog
  3638 | D:4      | Reached skill level 7 in Polearms
  3641 | D:4      | Reached skill level 4 in Fighting
  3642 | D:4      | HP: 13/63 [something/magic dart (5)]
  3652 | D:4      | HP: 11/63 [something (3)]
  3702 | D:4      | Noticed an ogre
  3933 | D:4      | Reached skill level 4 in Dodging
  3933 | D:4      | Reached XP level 6. HP: 34/48 MP: 6/6
  4127 | D:4      | Noticed Menkaure
  4140 | D:4      | Killed Menkaure
  4140 | D:4      | Reached skill level 8 in Polearms
  4140 | D:4      | Reached XP level 7. HP: 37/55 MP: 7/7
  4245 | D:4      | Noticed Dowan
  4249 | D:4      | Noticed Duvessa
  4383 | D:3      | Reached skill level 5 in Dodging
  4732 | D:4      | Killed Duvessa
  4732 | D:4      | Reached skill level 9 in Polearms
  4732 | D:4      | Reached skill level 3 in Armour
  4769 | D:4      | Killed Dowan
  4769 | D:4      | Reached skill level 5 in Fighting
  5020 | D:4      | You fall through a shaft for 3 floors!
  5020 | D:7      | Found a bloodstained altar of Trog.
  5025 | D:7      | Reached XP level 8. HP: 61/62 MP: 8/8
  5163 | D:7      | Found a staircase to the Ecumenical Temple.
  5177 | D:7      | Reached skill level 10 in Polearms
  5177 | D:7      | Reached skill level 6 in Dodging
  5424 | D:6      | Found a glowing golden altar of the Shining One.
  5972 | D:6      | Reached skill level 6 in Fighting
  5980 | D:6      | Reached skill level 4 in Armour
  6004 | D:5      | Entered Level 5 of the Dungeon
  6006 | D:5      | Reached XP level 9. HP: 68/69 MP: 9/9
  6010 | D:6      | Reached skill level 11 in Polearms
  6135 | D:6      | Reached skill level 7 in Dodging
  6147 | D:5      | Noticed Eustachio
  6155 | D:5      | Killed Eustachio
  6172 | D:5      | Reached **** piety under Trog
  6186 | D:5      | Noticed Grinder
  6201 | D:5      | Killed Grinder
  6809 | D:6      | Noticed an oklob plant
  6825 | D:6      | Reached skill level 12 in Polearms
  6908 | D:6      | HP: 17/71 [poisoned by an orc wizard]
  6914 | D:6      | HP: 13/71 [poisoned by an orc wizard]
  6919 | D:6      | HP: 11/71 [poisoned by an orc wizard]
  6924 | D:6      | HP: 10/71 [poisoned by an orc wizard]
  6931 | D:6      | HP: 10/71 [poisoned by an orc wizard]
  6939 | D:6      | HP: 9/71 [poisoned by an orc wizard]
  7256 | D:6      | Found a blossoming altar of Fedhas.
  7551 | D:7      | Reached skill level 8 in Dodging
  7562 | D:7      | Reached skill level 7 in Fighting
  7574 | D:7      | Reached skill level 5 in Armour
  7716 | D:7      | Reached XP level 10. HP: 79/79 MP: 10/10
  7901 | D:7      | Found a deep blue altar of Sif Muna.
  8000 | D:7      | Reached ***** piety under Trog
  8005 | D:7      | Reached skill level 13 in Polearms
  8648 | D:8      | Found a white marble altar of Elyvilon.
  8648 | D:8      | Found a snail-covered altar of Cheibriados.
  8712 | D:8      | Reached skill level 9 in Dodging
  8793 | D:8      | Received a gift from Trog
  8799 | D:8      | Reached skill level 14 in Polearms
  8939 | D:8      | Found a staircase to the Lair.
  8946 | D:8      | Reached skill level 8 in Fighting
  9630 | D:8      | Reached XP level 11. HP: 39/87 MP: 3/11
 10171 | D:9      | Reached skill level 10 in Dodging
 10199 | D:9      | Reached skill level 6 in Armour
 10346 | D:9      | Reached skill level 15 in Polearms
 10989 | D:9      | Found a glowing silver altar of Zin.
 10989 | D:9      | Noticed an angel
 10992 | D:9      | Found a shimmering altar of Xom.
 11045 | D:10     | Entered Level 10 of the Dungeon
 11045 | D:10     | Noticed Erica
 11053 | D:10     | Noticed Nergalle
 11055 | D:10     | Killed Erica
 11069 | D:10     | Killed Nergalle
 11069 | D:10     | Reached skill level 9 in Fighting
 11084 | D:10     | Noticed a two-headed ogre
 11091 | D:10     | Killed a two-headed ogre
 11603 | D:10     | Reached skill level 16 in Polearms
 11778 | D:10     | Noticed Gastronok
 11801 | D:10     | Killed Gastronok
 11801 | D:10     | Reached skill level 11 in Dodging
 12143 | D:10     | Found a staircase to the Orcish Mines.
 12267 | D:10     | Reached XP level 12. HP: 95/96 MP: 4/12
 12382 | Lair:1   | Entered Level 1 of the Lair of Beasts
 12814 | Lair:1   | Reached skill level 17 in Polearms
 12944 | Lair:1   | Noticed Joseph
 12966 | Lair:1   | Killed Joseph
 13667 | Lair:1   | Reached skill level 7 in Armour
 13807 | Lair:1   | Reached skill level 10 in Fighting
 13920 | Lair:2   | HP: 24/97 [poisoned by a spiny frog]
 13928 | Lair:2   | HP: 24/97 [poisoned by a spiny frog]
 14565 | Lair:2   | Reached skill level 12 in Dodging
 14706 | Lair:2   | Received a gift from Trog
 14717 | Lair:2   | Reached ****** piety under Trog
 14763 | Lair:2   | HP: 24/97 [poisoned by a killer bee]
 14768 | Lair:2   | HP: 24/98 [poisoned by a killer bee]
 14773 | Lair:2   | HP: 23/98 [poisoned by a killer bee]
 14781 | Lair:2   | HP: 23/98 [poisoned by a killer bee]
 15165 | Lair:2   | Reached skill level 18 in Polearms
 15945 | Lair:3   | Reached XP level 13. HP: 73/104 MP: 4/13
 16116 | Lair:3   | Found a staircase to the Snake Pit.
 16678 | Lair:3   | Reached skill level 11 in Fighting
 16715 | Lair:3   | Reached skill level 13 in Dodging
 16770 | Lair:3   | Noticed a dire elephant
 16801 | Lair:3   | Killed a dire elephant
 16801 | Lair:3   | Reached skill level 19 in Polearms
 16911 | Lair:3   | Reached skill level 8 in Armour
 17135 | Lair:2   | HP: 16/106 [blink frog (12)]
 17938 | Lair:3   | Noticed Snorg
 17948 | Lair:3   | HP: 26/106 [Snorg (3)]
 17950 | Lair:3   | Killed Snorg
 18693 | Lair:3   | Found a staircase to the Shoals.
 19185 | Lair:4   | Reached skill level 20 in Polearms
 19191 | Lair:4   | Reached XP level 14. HP: 60/113 MP: 3/14
 20080 | Lair:4   | Reached skill level 14 in Dodging
 20538 | Lair:4   | Got a slimy scale mail
 20549 | Lair:4   | Identified the +3 scale mail "Kykec" {+Blink} (You found it on level 4 of the Lair of Beasts)
 20924 | Lair:5   | Received a gift from Trog
 21178 | Lair:5   | Noticed Nessos
 21201 | Lair:4   | Reached skill level 12 in Fighting
 21328 | Lair:4   | Reached skill level 9 in Armour
 21651 | Lair:5   | Killed Nessos
 21941 | Lair:5   | Noticed Urug
 21952 | Lair:5   | Killed Urug
 22087 | Lair:5   | Reached skill level 21 in Polearms
 22587 | Lair:6   | Entered Level 6 of the Lair of Beasts
 22651 | Lair:6   | Found an ancient bone altar of Kikubaaqudgha.
 22653 | Lair:6   | Received a gift from Trog
 22705 | Lair:6   | Found a labyrinth entrance.
 22707 | Lair:6   | Found a frozen archway.
 22728 | IceCv    | Entered an ice cave
 22857 | IceCv    | Killed a reaper
 22870 | IceCv    | Noticed gregunderscorem's ghost (journeyman GrEE)
 22895 | IceCv    | Killed gregunderscorem's ghost
 23140 | IceCv    | Got a steaming hat
 23161 | IceCv    | Identified the cursed -5 hat of the Arcane {Str+2 Int+2} (You found it in an ice cave)
 23241 | IceCv    | HP: 22/116 [ice devil (22)]
 23250 | IceCv    | HP: 20/116 [ice devil (23)]
 23253 | IceCv    | Slain by an ice devil

Skill      XL: |  1  2  3  4  5  6  7  8  9 10 11 12 13 14 |
---------------+-------------------------------------------+-----
Dodging        | 3 4 5 6 8 9 11 12 13 14 | 14.9
Polearms       | 5 6 7 8 9 10 12 14 16 18 20 21 | 21.4
Armour         | 2 3 4 5 6 7 8 9 |  9.3
Fighting       | 4 5 6 7 8 9 10 11 12 | 12.5

Action                   |  1- 3 |  4- 6 |  7- 9 | 10-12 | 13-15 || total
-------------------------+-------+-------+-------+-------+-------++-------
Melee: Spear             |   140 |   223 |       |       |       ||   363
       Trident           |       |    29 |    91 |       |    29 ||   149
       Glaive            |       |       |   318 |   737 |       ||  1055
       Bardiche          |       |       |       |   140 |   610 ||   750
       Tailslap          |       |       |       |       |     1 ||     1
 Fire: Hunting sling     |       |       |       |    24 |       ||    24
Throw: Javelin           |       |       |       |       |    91 ||    91
Invok: Berserk           |     1 |     3 |       |     2 |     1 ||     7
       Burn Spellbooks   |       |     1 |     1 |       |       ||     2
       Trog's Hand       |       |     1 |     5 |     3 |     2 ||    11
       Brothers in Arms  |       |       |       |       |     8 ||     8
  Use: Scroll            |       |       |     7 |    11 |     5 ||    23
       Potion            |       |       |       |     1 |     1 ||     2
 Stab: Distracted        |       |       |     1 |       |     1 ||     2
  Eat: Chunk             |     4 |     6 |     2 |    26 |    21 ||    59
       Royal jelly       |       |     2 |       |     1 |       ||     3
       Meat ration       |       |       |     2 |     1 |     2 ||     5
       Bread ration      |       |       |     1 |       |       ||     1
       Fruit             |       |       |       |     3 |       ||     3
Armor: Animal skin       |    23 |       |       |       |       ||    23
       Ring mail         |     3 |    47 |       |       |       ||    50
       Chain mail        |       |    24 |   170 |   319 |   105 ||   618
       Steam dragon scal |       |       |       |       |    33 ||    33
       Scale mail        |       |       |       |       |   131 ||   131
Dodge: Dodged            |    69 |   100 |   235 |   472 |   623 ||  1499
       Deflected         |       |       |       |       |    26 ||    26

Vault maps used:
D:1:      mrwooster_arrival_statue_3, st_stairs_9
D:2:      dancing_weapons_uskayaw, minitemple,
          chequers_ecumenical_altar_simple_redux, grunt_decor_arrowhead,
          lemuel_tele_altar, uniq_terence
D:4:      lemuel_doored_altar, first_bread, uniq_duvessa, uniq_menkaure
D:5:      uniq_grinder, uniq_eustachio
D:6:      lemuel_slime, nicolae_tso_swordbearing_angel, lemuel_crystal_altar
D:7:      kennysheep_orc_sif_temple, trog_ov_bears_minmay,
          minmay_temple_entry_trees
D:8:      gammafunk_temple_overflow_wave, minmay_lair_entry_grove, special_room
D:9:      grunt_temple_overflow_order_and_chaos_1
D:10:     david_orc_4, uniq_nergalle, uniq_erica, uniq_gastronok
Lair:1:   grunt_megastairs_3, uniq_joseph
Lair:2:   special_room, grunt_megastairs_4, minmay_lair_oklob_chamber,
          infiniplex_staircase_pool_2
Lair:3:   mu_elephants_graveyard, minmay_shoals_entry_beasts, dummy_snake_entry,
          st_stairs_12, bobbens_dragon_lair_wall, uniq_snorg
Lair:5:   minivault_23, columned_hall_lemuel, serial_bayou_shore_a,
          grunt_megastairs_1, uniq_nessos, uniq_urug
Lair:6:   evil_forest, minmay_slime_entry_oklob_enclosed, lab_entry_generic,
          portal_ice_cave_entry_pillars_1, serial_bayou_lagoon_a,
          lemuel_centaur_altar
IceCv:    ice_cave_small_demon

Table legend:
 A = Turns spent in this place as a percentage of turns spent in the entire game.
 B = Non-inter-level travel turns spent in this place as a percentage of non-inter-level travel turns spent in the entire game.
 C = Inter-level travel turns spent in this place as a percentage of turns spent in this place.
 D = Turns resting spent in this place as a percentage of non-inter-level travel turns spent in this place.
 E = Turns spent auto-exploring this place as a percentage of non-inter-level travel turns spent in this place.
 F = Non-inter-level travel turns spent in this place divided by the number of levels of this place that you've seen.
                   A       B       C       D       E      F
               +-------+-------+-------+-------+-------+----------------------
         Total | 100.0 | 100.0 |   0.6 |   5.9 |   8.2 | 312.5
       Dungeon |  58.1 |  58.1 |   0.7 |   5.2 |  10.0 | 308.5
          Lair |  38.8 |  38.9 |   0.4 |   7.0 |   5.9 | 344.2
      Ice Cave |   3.0 |   3.0 |   0.0 |   6.2 |   2.5 | 162.0
               +-------+-------+-------+-------+-------+----------------------

Table legend:
 A = Kills in this place as a percentage of kills in entire the game.
 B = Kills by you in this place as a percentage of kills by you in the entire game.
 C = Kills by friends in this place as a percentage of kills by friends in the entire game.
 D = Other kills in this place as a percentage of other kills in the entire game.
 E = Experience gained in this place as a percentage of experience gained in the entire game.
 F = Experience gained in this place divided by the number of levels of this place that you have seen.
                   A       B       C       D       E      F
               +-------+-------+-------+-------+-------+----------------------
         Total | 100.0 | 100.0 | 100.0 |  -nan | 100.0 | 4960.4
       Dungeon |  57.6 |  59.8 |   0.0 |  -nan |  21.8 | 1842.0
          Lair |  39.4 |  37.1 | 100.0 |  -nan |  74.0 | 10399.0
      Ice Cave |   3.0 |   3.1 |   0.0 |  -nan |   4.2 | 3513.0
               +-------+-------+-------+-------+-------+----------------------
